 Dungeon Crawl Stone Soup version 0.30.1 (webtiles) character file.

Game seed: 9035242309333124140

13128 boopmooplesden the Cruncher (level 12, -23/76 HPs)
             Began as a Gargoyle Gladiator on July 13, 2023.
             Was a Priest of Trog.
             Annihilated by a red ugly thing (25 damage)
             ... in a volcano.
             The game lasted 00:18:09 (8195 turns).

boopmooplesden the Cruncher (Gargoyle Gladiator)    Turns: 8195, Time: 00:18:09

Health: -23/76     AC: 24    Str: 21    XL:     12   Next: 2%
Magic:  12/12      EV: 14    Int: 11    God:    Trog [***...]
Gold:   1040       SH:  0    Dex: 18    Spells: 11/11 levels left

rFire   . . .        a - +1 quarterstaff
rCold   + + .        (shield currently unavailable)
rNeg    + . .        s - +4 ring mail of Negligence {Harm rF- Dex+7 Stlth+}
rPois   ∞            c - +0 helmet
rElec   +            q - scarf {rC+ rF+}
rCorr   .            (no gloves)
SInv    .            (no boots)
Will    .....        g - amulet of regeneration
Stlth   ++++         v - +4 ring of protection
HPRegen 1.12/turn    A - ring of protection from cold
MPRegen 0.13/turn

%: harm (+30% outgoing, +20% incoming)
@: no status effects
A: sickness immunity, AC +8, negative energy resistance 1, electricity
resistance, torment resistance 1, petrification resistance
a: Renounce Religion, Berserk, Trog's Hand


You were in a volcano.
You worshipped Trog.
Trog was most pleased with you.
You visited 3 branches of the dungeon, and saw 12 of its levels.
You also visited: Volcano.

You collected 1040 gold pieces.

Inventory:

Hand Weapons
 a - a +1 quarterstaff (weapon)
 D - a +4 sling
Missiles
 e - 6 javelins (quivered)
Armour
 c - a +0 helmet (worn)
 q - a scarf of resistance (worn)
 s - the +4 ring mail of Negligence (worn) {Harm rF- Dex+7 Stlth+}
   (You found it on level 5 of the Dungeon)

   Dex:       It affects your dexterity (+7).
   rF:        It makes you vulnerable to fire.
   Harm:      It increases damage dealt and taken.
   Stlth:     It makes you more stealthy.
 B - a +0 pair of gloves
Jewellery
 g - an amulet of regeneration (around neck)
 i - a ring of ice
 v - a +4 ring of protection (left hand)
 A - a ring of protection from cold (right hand)
 C - a ring of flight
Wands
 h - a wand of paralysis (13)
 r - a wand of quicksilver (6)
 y - a wand of flame (27)
Scrolls
 b - 2 scrolls of teleportation
 f - 3 scrolls of fog
 k - 6 scrolls of identify
 t - 2 scrolls of fear
 E - a scroll of noise {unknown}
 F - a scroll of enchant armour {unknown}
Potions
 d - a potion of degeneration {unknown}
 j - 3 potions of haste {unknown}
 l - 2 potions of lignification {unknown}
 m - 6 potions of curing {unknown}
 n - 3 potions of brilliance {unknown}
 o - a potion of ambrosia {unknown}
 p - 2 potions of flight
 u - a potion of attraction {unknown}
 w - 2 potions of heal wounds {unknown}
 x - a potion of berserk rage {unknown}
 z - a potion of cancellation {unknown}


   Skills:
 + Level 9.3 Fighting
 + Level 13.1 Staves
 + Level 3.2 Throwing
 + Level 7.4 Armour
 + Level 6.5 Dodging
 + Level 5.3 Stealth


You had 11 spell levels left.
You didn't know any spells.
Your spell library was empty.

Dungeon Overview and Level Annotations

Branches:
Dungeon (10/15)            Temple (1/1) D:4            Lair (1/5) D:8
    Orc (0/2) D:9         Volcano (1/1)

Altars:
Elyvilon
Fedhas
Gozag
Hepliaklqana
Kikubaaqudgha
Sif Muna
Trog
Uskayaw
Wu Jian
Yredelemnul
Zin
The Shining One

Shops:
D:1 *   D:5 :   D:7 ?


Innate Abilities, Weirdness & Mutations

You are immune to sickness and miasma.
Your stone body is resilient. (AC +8)
You are immune to poison.
You resist negative energy. (rN+)
You are resistant to electric shocks. (rElec)
You are resistant to unholy torment.
You are immune to petrification.


Message History

There is a rocky tunnel leading out of this place here. 2 fire bats come into view.
Found a viscous blue potion.
The red ugly thing tentacle-slaps you but does no damage.
Found a plate armour of fire resistance.
You sock the red ugly thing!
The red ugly thing is lightly wounded.
The red ugly thing tentacle-slaps you.
You are engulfed in flames!
You hit the red ugly thing.
The red ugly thing is moderately wounded.
The red ugly thing tentacle-slaps you but does no damage.
You hit the red ugly thing.
The red ugly thing is moderately wounded.
You barely miss the red ugly thing.
The red ugly thing is moderately wounded.
The red ugly thing tentacle-slaps you but does no damage.
You hit the red ugly thing but do no damage.
The red ugly thing is moderately wounded.
The red ugly thing tentacle-slaps you but does no damage.
You sock the red ugly thing!
The red ugly thing is heavily wounded.
You hear a horrible gurgling sound!
A hell hound comes into view.
A red ugly thing comes into view.
You hear a shout!
You sock the red ugly thing!
The red ugly thing is almost dead.
The red ugly thing tentacle-slaps you.
You are engulfed in flames!
A sun demon comes into view.
You closely miss the red ugly thing.
The red ugly thing is almost dead.
A lava snake comes into view.
You sock the red ugly thing!
The red ugly thing is almost dead.
The red ugly thing tentacle-slaps you!
You are engulfed in flames!!
* * * LOW HITPOINT WARNING * * *
The red ugly thing attacks as you move away!
The red ugly thing tentacle-slaps you.
* * * LOW HITPOINT WARNING * * *
You are engulfed in flames!!
You die...

#8.8###.....##
##.## ##...## #.#
#..## #### #.#
#### ##..####.#
##.##..#.## [
#.#####.#### §.§
#.#≈8#####8#b§.≈§
##.###..∩@uub.§.§
#.##.####8#h≈.3.
##.###.# ## S.§
#.##..#≈# §
##..###8# #### ##


You could see 2 ugly things, a sun demon, a hell hound, 2 fire bats and a lava
snake.

Vanquished Creatures
  A two-headed ogre (D:8)
  Pikel (D:7)
  2 cyclopes (D:9)
  Maurice (D:10)
  2 cane toads (Lair:1)
  2 trolls
  16 yaks
  2 shadows
  3 wyverns
  2 wraiths
  2 basilisks (D:8)
  5 fire bats (Volcano)
  A steam dragon (D:7)
  A fire elemental (Lair:1)
  2 water moccasins (Lair:1)
  3 orc warriors
  2 sky beasts
  3 black bears
  2 ice beasts
  An ogre (D:6)
  4 phantoms
  3 centaurs
  7 kobold brigands
  2 scorpions
  6 bullfrogs
  27 wights
  4 howler monkeys
  A crimson imp (D:10)
  5 lava snakes (Volcano)
  2 hounds
  3 jellies
  An orc priest (D:10)
  2 gnoll boudas (D:4)
  4 iguanas
  4 sleepcaps
  10 orc wizards
  15 gnolls
  6 adders
  3 shadow imps
  2 white imps
  An ufetubus (D:5)
  A worm (D:2)
  3 dart slugs
  21 orcs
  3 bats
  5 endoplasms
  A giant cockroach (D:2)
  7 goblins
  6 hobgoblins
  3 quokkas
  7 ball pythons
  11 frilled lizards
  33 kobolds
  14 rats
281 creatures vanquished.

Notes
Turn   | Place    | Note
-------+----------+-------------------------------------------
     0 | D:1      | boopmooplesden the Gargoyle Gladiator began the quest for
                  | the Orb.
     0 | D:1      | Reached XP level 1. HP: 12/12 MP: 1/1
   265 | D:1      | Reached XP level 2. HP: 17/17 MP: 2/2
   521 | D:1      | Found Ihioff's General Store.
   964 | D:2      | You fall into a shaft and drop 1 floor!
   973 | D:3      | Found a faded altar of an unknown god.
  1032 | D:2      | Reached XP level 3. HP: 22/22 MP: 3/3
  1998 | D:3      | Reached XP level 4. HP: 27/27 MP: 4/4
  2123 | D:3      | Reached skill level 1 in Armour
  2130 | D:3      | Reached skill level 4 in Staves
  2349 | D:4      | Reached XP level 5. HP: 23/32 MP: 5/5
  2387 | D:4      | Reached skill level 1 in Stealth
  2425 | D:4      | Noticed a phantom
  2436 | D:4      | Noticed a black bear
  2449 | D:5      | Entered Level 5 of the Dungeon
  2449 | D:5      | Noticed a black bear
  2465 | D:5      | Reached XP level 6. HP: 27/37 MP: 6/6
  2468 | D:5      | Reached skill level 5 in Staves
  2477 | D:5      | Killed a black bear
  2496 | D:5      | Reached XP level 7. HP: 37/41 MP: 7/7
  2609 | D:5      | Found Aqateal's Tiny Tomes.
  2726 | D:5      | Identified the +4 ring mail of Negligence {Harm rF- Dex+7
                  | Stlth+}
  2740 | D:5      | Reached skill level 6 in Staves
  2845 | D:5      | Reached XP level 8. HP: 32/48 MP: 8/8
  3196 | D:4      | Found a staircase to the Ecumenical Temple.
  3286 | D:4      | Reached skill level 7 in Staves
  3595 | Temple   | Entered the Ecumenical Temple
  3605 | Temple   | Became a worshipper of Trog the Wrathful
  3643 | D:6      | Reached skill level 5 in Armour
  3839 | D:6      | Reached XP level 9. HP: 48/53 MP: 9/9
  3853 | D:6      | Reached skill level 5 in Fighting
  3853 | D:6      | Reached skill level 8 in Staves
  4551 | D:7      | Noticed Pikel
  4568 | D:7      | Killed Pikel
  4578 | D:7      | Reached skill level 9 in Staves
  4588 | D:7      | Reached * piety under Trog
  4691 | D:7      | Reached skill level 5 in Dodging
  4830 | D:7      | Found Cuowaulu's Magic Scroll Shoppe.
  4964 | D:7      | Reached XP level 10. HP: 60/60 MP: 10/10
  5347 | D:8      | Reached skill level 10 in Staves
  5385 | D:8      | Reached ** piety under Trog
  5658 | D:8      | Found a staircase to the Lair.
  5837 | D:8      | Noticed a two-headed ogre
  5848 | D:8      | Killed a two-headed ogre
  5849 | D:8      | Reached skill level 11 in Staves
  6140 | D:9      | Noticed a cyclops
  6160 | D:8      | Reached XP level 11. HP: 66/68 MP: 11/11
  6183 | D:9      | Noticed a cyclops
  6194 | D:9      | Killed a cyclops
  6222 | D:9      | Killed a cyclops
  6301 | D:9      | Found a staircase to the Orcish Mines.
  6467 | D:9      | Reached skill level 12 in Staves
  6514 | D:9      | Reached *** piety under Trog
  6594 | D:9      | Identified the +10 long sword of Cialio {flame, rC+ rCorr
                  | Int-5 Stlth+}
  6680 | D:9      | Found a white marble altar of Elyvilon.
  6683 | D:9      | Found a glowing silver altar of Zin.
  6684 | D:9      | Found a glowing golden altar of the Shining One.
  6805 | D:10     | Entered Level 10 of the Dungeon
  6842 | D:10     | Noticed Maurice
  6987 | D:10     | Reached skill level 5 in Stealth
  6998 | D:10     | Killed Maurice
  7720 | Lair:1   | Entered Level 1 of the Lair of Beasts
  7997 | Lair:1   | Found a dark tunnel.
  8002 | Volcano  | Entered a volcano
  8037 | Volcano  | Reached skill level 13 in Staves
  8067 | Volcano  | Reached XP level 12. HP: 63/76 MP: 12/12
  8192 | Volcano  | Noticed a sun demon
  8194 | Volcano  | HP: 3/76 [red ugly thing (27)]
  8195 | Volcano  | Annihilated by a red ugly thing

Illustrated notes

Levels and vault maps discovered:
D:1:      zelgadis_glass_arrival_small, layout_basic, serial_shops, shop
D:2:      layout_loops_ring
D:3:      layout_basic, shapermc_ecumenical_altar_starsandcircs,
          minmay_lizard_king
D:4:      layout_basic, minmay_temple_entry_statues_pillars
D:5:      layout_basic, st_stairs_1, nicolae_shop_i_like_small_books_too,
          chequers_serial_rivers_micro_c, minivault_25
D:6:      layout_loops_ring
D:7:      layout_basic, serial_shops, shop, small_statue_intersection,
          serial_park_tiny_pond, nicolae_concentric_dashed_squares_mild,
          uniq_pikel
D:8:      minmay_polygon_palace, layout_rooms, david_lair_generic
D:9:      layout_roguey, good_gods_mini_temple, orc_0_dummy
D:10:     minmay_flawed_box, layout_basic, minmay_fire_ice_demons, uniq_maurice
Temple:   hellmonk_temple_of_storms
Lair:1:   layout_gridlike, enter_volcano_4, gammafunk_lair_bear_cave
Volcano:  volcano_grotto [vgs_hot_hot_hot]

Skill      XL: |  1  2  3  4  5  6  7  8  9 10 11 |
---------------+----------------------------------+-----
Armour         | 1 2 3 4 5 6 7 |  7.4
Staves         | 4 5 6 7 9 11 13 | 13.1
Fighting       | 3 4 6 7 9 |  9.3
Dodging        | 3 4 5 6 |  6.5
Stealth        | 1 2 3 4 5 |  5.3
Throwing       | 2 3 |  3.2

Action                     |  1- 3 |  4- 6 |  7- 9 | 10-12 || total
---------------------------+-------+-------+-------+-------++-------
  Melee: Quarterstaff      |   133 |   127 |   376 |   537 ||  1173
  Throw: Throwing net      |       |     3 |       |       ||     3
         Javelin           |       |     2 |     7 |     8 ||    17
 Invoke: Berserk           |       |       |       |     2 ||     2
    Use: Scroll            |       |     5 |     2 |     4 ||    11
   Stab: Held in net/web   |       |     2 |       |       ||     2
         Sleeping          |       |       |     3 |     6 ||     9
 Armour: Leather armour    |     4 |       |       |       ||     4
         Ring mail         |    61 |    68 |   232 |   269 ||   630
  Dodge: Dodged            |    86 |   109 |   254 |   331 ||   780
